TOP OF THE 1ST |
Arkansas Travelers batting - Pitching for Frisco RoughRiders : RHP Prince Gibson
|
Pitching: RHP Prince Gibson
|
|
Batting: RHB Nick Lombardo
|
0-0: Ball 1-0: Swinging Strike 1-1: Called Strike 1-2: Foul Ball, location: 2F 1-2: Ball 2-2: Ball 3-2: Strikes out swinging
|
Batting: RHB Danny Bjarnson
|
0-0: Foul Ball, location: 2F 0-1: Called Strike 0-2: Ball 1-2: Ground out 4-3 (Groundball, 4, EV 84.4 MPH)
|
Batting: RHB Juan Montez
|
0-0: Foul Ball, location: 2F 0-1: Ball 1-1: Ball 2-1: Foul Ball, location: 2F 2-2: Foul Ball, location: 2F 2-2: Ground out 6-3 (Groundball, 56, EV 98.8 MPH)
|
Top of the 1st over - 0 runs, 0 hits, 0 errors, 0 left on base; Arkansas 0 - Frisco 0 |
BOTTOM OF THE 1ST |
Frisco RoughRiders batting - Pitching for Arkansas Travelers : RHP Josh Brewer
|
Pitching: RHP Josh Brewer
|
|
Batting: LHB Yoshinari Nara
|
0-0: Foul Ball, location: 2F 0-1: Called Strike 0-2: Ball 1-2: Ball 2-2: Ground out 4-3 (Groundball, 4, EV 81.9 MPH)
|
Batting: LHB Josh Stuck
|
0-0: Ball 1-0: Called Strike 1-1: DOUBLE (Line Drive, 9LD, EV 112.5 MPH)
|
Batting: RHB Chance Lamb
|
0-0: Fly out, F9 (Flyball, 9S, EV 83.8 MPH)
|
Batting: LHB Jody Hudson
|
0-0: Swinging Strike 0-1: Called Strike 0-2: Ball 1-2: Ball 2-2: Foul Ball, location: 2F 2-2: Fly out, F8 (Flyball, 8LD, EV 92.5 MPH)
|
Bottom of the 1st over - 0 runs, 1 hit, 0 errors, 1 left on base; Arkansas 0 - Frisco 0 |
TOP OF THE 2ND |
Arkansas Travelers batting - Pitching for Frisco RoughRiders : RHP Prince Gibson
|
Batting: RHB Kyler Seitz
|
0-0: Fly out, F9 (Flyball, 89S, EV 94.4 MPH)
|
Batting: SHB Danny Gelinas
|
0-0: Ball 1-0: Ground out 6-3 (Groundball, 4, EV 105.0 MPH)
|
Batting: RHB Ricky Mejicanos
|
0-0: Ball 1-0: Foul Ball, location: 2F 1-1: Ball 2-1: Foul Ball, location: 2F 2-2: Ball 3-2: Base on Balls
|
Batting: LHB Dave Hicks
|
0-0: Ball Ricky Mejicanos is caught stealing 2nd base 2-6
|
Top of the 2nd over - 0 runs, 0 hits, 0 errors, 0 left on base; Arkansas 0 - Frisco 0 |
BOTTOM OF THE 2ND |
Frisco RoughRiders batting - Pitching for Arkansas Travelers : RHP Josh Brewer
|
Batting: RHB Danny Weisse
|
0-0: Ball 1-0: Fly out, F5 (Line Drive, 5L, EV 72.5 MPH)
|
Batting: LHB Joseph Martin
|
0-0: Called Strike 0-1: Ball 1-1: Ball 2-1: Ball 3-1: Called Strike 3-2: SINGLE (Line Drive, 8LS, EV 106.2 MPH)
|
Batting: RHB Matt Sanders
|
0-0: Ball 1-0: Called Strike 1-1: Ball 2-1: Ball 3-1: Called Strike 3-2: DOUBLE (Line Drive, 9LS, EV 106.2 MPH) Joseph Martin to third
|
Batting: RHB Carlos Lopez
|
0-0: SINGLE (Groundball, 34D, EV 100.6 MPH) Joseph Martin scores Matt Sanders to third
|
Batting: RHB Luis Arce
|
0-0: Called Strike 0-1: Ball 1-1: Ball 2-1: Foul Ball, location: 2F 2-2: Ball 3-2: Grounds into double play, 6-4-3 (Groundball, 6, EV 92.5 MPH)
|
Bottom of the 2nd over - 1 run, 3 hits, 0 errors, 1 left on base; Arkansas 0 - Frisco 1 |
TOP OF THE 3RD |
Arkansas Travelers batting - Pitching for Frisco RoughRiders : RHP Prince Gibson
|
Batting: LHB Dave Hicks
|
0-0: Ball 1-0: Called Strike 1-1: SINGLE (Groundball, 15S, EV 63.8 MPH) (infield hit)
|
Batting: LHB Mutsuo IIda
|
0-0: Ball 1-0: Swinging Strike 1-1: Ball 2-1: 2-RUN HOME RUN (Flyball, 8RXD, EV 113.1 MPH), Distance : 451 ft
|
Batting: LHB Spencer Palmer
|
0-0: Ball 1-0: Ball 2-0: Foul Ball, location: 2F 2-1: Foul Ball, location: 2F 2-2: Foul Ball, location: 2F 2-2: Strikes out swinging
|
Batting: RHB Nick Lombardo
|
0-0: Called Strike 0-1: Ball 1-1: DOUBLE (Line Drive, 89D, EV 105.0 MPH)
|
Batting: RHB Danny Bjarnson
|
0-0: Fly out, F5 (Line Drive, 56, EV 66.9 MPH)
|
Batting: RHB Juan Montez
|
0-0: Called Strike 0-1: Foul Ball, location: 2F 0-2: Ball 1-2: Fly out, F8 (Line Drive, 8LD, EV 104.4 MPH)
|
Top of the 3rd over - 2 runs, 3 hits, 0 errors, 1 left on base; Arkansas 2 - Frisco 1 |
BOTTOM OF THE 3RD |
Frisco RoughRiders batting - Pitching for Arkansas Travelers : RHP Josh Brewer
|
Batting: LHB Yoshinari Nara
|
0-0: Swinging Strike 0-1: Called Strike 0-2: SINGLE (Groundball, 4MD, EV 108.1 MPH)
|
Batting: LHB Josh Stuck
|
0-0: Called Strike Yoshinari Nara steals 2nd base (no throw) 0-1: Swinging Strike 0-2: Ball 1-2: Ground out U3 (Groundball, 34, EV 83.1 MPH) Yoshinari Nara to third
|
Batting: RHB Chance Lamb
|
0-0: Called Strike 0-1: SINGLE (Flyball, 78S, EV 96.2 MPH) Yoshinari Nara scores
|
Batting: LHB Jody Hudson
|
0-0: Ball 1-0: Foul Ball, location: 2F 1-1: DOUBLE (Flyball, 8RXD, EV 101.9 MPH) Chance Lamb to third
|
Batting: RHB Danny Weisse
|
0-0: Fly out, F8 (Line Drive, 8LD, EV 90.6 MPH) Runner from 3rd tags up, SCORES, no throw by CF
|
Batting: LHB Joseph Martin
|
0-0: Called Strike 0-1: Called Strike 0-2: SINGLE (Line Drive, 8LS, EV 99.4 MPH) Jody Hudson to third Runner from 3rd tries for Home, SAFE, throw by CF to home
|
Batting: RHB Matt Sanders
|
0-0: Foul Ball, location: 2F 0-1: Foul Ball, location: 2F Pickoff Throw to First - Out! 1-3
|
Bottom of the 3rd over - 3 runs, 4 hits, 0 errors, 0 left on base; Arkansas 2 - Frisco 4 |
TOP OF THE 4TH |
Arkansas Travelers batting - Pitching for Frisco RoughRiders : RHP Prince Gibson
|
Batting: RHB Kyler Seitz
|
0-0: Fly out, F9 (Line Drive, 89D, EV 100.0 MPH)
|
Batting: SHB Danny Gelinas
|
0-0: Foul Ball, location: 2F 0-1: Ball 1-1: Ball 2-1: Ball 3-1: Called Strike 3-2: Foul Ball, location: 2F 3-2: Foul Ball, location: 2F 3-2: Foul Ball, location: 2F 3-2: Ground out 4-3 (Groundball, 34D, EV 93.1 MPH)
|
Batting: RHB Ricky Mejicanos
|
0-0: Called Strike 0-1: Foul Ball, location: 2F 0-2: SINGLE (Line Drive, 89S, EV 109.4 MPH)
|
Batting: LHB Dave Hicks
|
0-0: Ball 1-0: Ball Ricky Mejicanos steals 2nd base 2-0: Ground out 4-3 (Groundball, 4, EV 85.0 MPH)
|
Top of the 4th over - 0 runs, 1 hit, 0 errors, 1 left on base; Arkansas 2 - Frisco 4 |
BOTTOM OF THE 4TH |
Frisco RoughRiders batting - Pitching for Arkansas Travelers : RHP Josh Brewer
|
Batting: RHB Matt Sanders
|
0-0: Ground out 6-3 (Groundball, 6, EV 101.9 MPH)
|
Batting: RHB Carlos Lopez
|
0-0: Ball 1-0: Called Strike 1-1: Ball 2-1: Ball 3-1: SINGLE (Flyball, 34D, EV 91.2 MPH)
|
Batting: RHB Luis Arce
|
0-0: Ball 1-0: Foul Ball, location: 2F 1-1: Called Strike Carlos Lopez steals 2nd base 1-2: Strikes out looking
|
Batting: LHB Yoshinari Nara
|
0-0: Ball 1-0: Foul Ball, location: 2F 1-1: Swinging Strike Passed Ball! Carlos Lopez to third 1-2: Strikes out looking
|
Bottom of the 4th over - 0 runs, 1 hit, 0 errors, 1 left on base; Arkansas 2 - Frisco 4 |
TOP OF THE 5TH |
Arkansas Travelers batting - Pitching for Frisco RoughRiders : RHP Prince Gibson
|
Batting: LHB Mutsuo IIda
|
0-0: SINGLE (Line Drive, 9S, EV 99.4 MPH)
|
Batting: LHB Spencer Palmer
|
0-0: Ball 1-0: Foul Ball, location: 2F 1-1: Swinging Strike 1-2: Ball Wild Pitch! Mutsuo IIda to second 2-2: Strikes out swinging
|
Batting: RHB Nick Lombardo
|
0-0: Foul Ball, location: 2F 0-1: Swinging Strike 0-2: Foul Ball, location: 2F 0-2: Ball 1-2: DOUBLE (Flyball, 8RXD, EV 100.0 MPH) Mutsuo IIda scores
|
Batting: RHB Danny Bjarnson
|
0-0: Ball 1-0: Called Strike 1-1: Foul Ball, location: 2F 1-2: Strikes out swinging, 2-3 out at first.
|
Batting: RHB Juan Montez
|
0-0: Ball 1-0: Ball 2-0: Called Strike 2-1: Fly out, F9 (Flyball, 89S, EV 78.8 MPH)
|
Top of the 5th over - 1 run, 2 hits, 0 errors, 1 left on base; Arkansas 3 - Frisco 4 |
BOTTOM OF THE 5TH |
Frisco RoughRiders batting - Pitching for Arkansas Travelers : RHP Josh Brewer
|
Batting: LHB Josh Stuck
|
0-0: Called Strike 0-1: Ball 1-1: SINGLE (Groundball, 56, EV 103.8 MPH)
|
Batting: RHB Chance Lamb
|
0-0: Called Strike Josh Stuck steals 2nd base (no throw) 0-1: Ground out 4-3 (Groundball, 4M, EV 101.2 MPH) Josh Stuck to third
|
Batting: LHB Jody Hudson
|
0-0: Ball 1-0: Ground out 6-3 (Groundball, 6, EV 88.1 MPH) Josh Stuck scores
|
Batting: RHB Danny Weisse
|
0-0: Foul Ball, location: 2F 0-1: Ground out U3 (Groundball, 34, EV 91.2 MPH)
|
Bottom of the 5th over - 1 run, 1 hit, 0 errors, 0 left on base; Arkansas 3 - Frisco 5 |
TOP OF THE 6TH |
Arkansas Travelers batting - Pitching for Frisco RoughRiders : RHP Prince Gibson
|
Batting: RHB Kyler Seitz
|
0-0: Ball 1-0: Swinging Strike 1-1: Ball 2-1: Called Strike 2-2: Ground out 6-3 (Groundball, 6, EV 91.9 MPH)
|
Batting: SHB Danny Gelinas
|
0-0: Called Strike 0-1: Ball 1-1: Swinging Strike 1-2: Ball 2-2: Hit by Pitch
|
Batting: RHB Ricky Mejicanos
|
0-0: Fly out, F7 (Flyball, 7, EV 91.2 MPH)
|
Batting: LHB Dave Hicks
|
0-0: SINGLE (Flyball, 89S, EV 93.8 MPH) Danny Gelinas to second Runner from 2nd tries for 3rd, SAFE, throw by RF made to third
|
Batting: LHB Mutsuo IIda
|
0-0: Called Strike 0-1: Ball 1-1: Called Strike 1-2: Ball 2-2: Strikes out swinging
|
Top of the 6th over - 0 runs, 1 hit, 0 errors, 2 left on base; Arkansas 3 - Frisco 5 |
BOTTOM OF THE 6TH |
Frisco RoughRiders batting - Pitching for Arkansas Travelers : RHP Josh Brewer
|
Pitching: RHP Jose Alvarado
|
|
Batting: LHB Joseph Martin
|
0-0: Ball 1-0: Foul Ball, location: 2F 1-1: Ball 2-1: Ball 3-1: Foul Ball, location: 2F 3-2: Base on Balls
|
Batting: RHB Matt Sanders
|
0-0: Ball 1-0: Ball 2-0: Called Strike 2-1: Ball 3-1: Foul Ball, location: 2F 3-2: Strikes out swinging
|
Batting: RHB Carlos Lopez
|
0-0: Called Strike Joseph Martin steals 2nd base 0-1: Ball 1-1: Ball 2-1: Fly out, F8 (Flyball, 8LD, EV 97.5 MPH)
|
Batting: RHB Luis Arce
|
0-0: Foul Ball, location: 2F 0-1: Ball 1-1: Foul Ball, location: 2F 1-2: Ground out 5-3 (Groundball, 56S, EV 84.4 MPH)
|
Bottom of the 6th over - 0 runs, 0 hits, 0 errors, 1 left on base; Arkansas 3 - Frisco 5 |
TOP OF THE 7TH |
Arkansas Travelers batting - Pitching for Frisco RoughRiders : RHP Prince Gibson
|
Batting: LHB Spencer Palmer
|
0-0: Called Strike 0-1: Called Strike 0-2: Ball 1-2: Ball 2-2: Foul Ball, location: 2F 2-2: Ball 3-2: Base on Balls
|
Batting: RHB Nick Lombardo
|
0-0: Ball Pickoff Throw to First - Out! 1-3 CS 1-0: Ball 2-0: Ball 3-0: Called Strike 3-1: Swinging Strike 3-2: Base on Balls
|
Pitching: RHP Tom Jensen
|
|
Batting: RHB Danny Bjarnson
|
0-0: Ball 1-0: Ball 2-0: Fly out, F7 (Flyball, 7, EV 85.6 MPH)
|
Batting: RHB Juan Montez
|
0-0: Called Strike 0-1: Foul Ball, location: 2F 0-2: Ball 1-2: Ground out 5-3 (Groundball, 5S, EV 74.4 MPH)
|
Top of the 7th over - 0 runs, 0 hits, 0 errors, 1 left on base; Arkansas 3 - Frisco 5 |
BOTTOM OF THE 7TH |
Frisco RoughRiders batting - Pitching for Arkansas Travelers : RHP Jose Alvarado
|
Pitching: LHP Jose Rivera
|
|
Pinch Hitting: RHB John Michener
|
0-0: Called Strike 0-1: Called Strike 0-2: Ball 1-2: Foul Ball, location: 2F 1-2: Ball 2-2: Ball 3-2: Foul Ball, location: 2F 3-2: Strikes out swinging
|
Batting: LHB Josh Stuck
|
0-0: Ball 1-0: Foul Ball, location: 2F 1-1: Foul Ball, location: 2F 1-2: SOLO HOME RUN (Flyball, 8RXD, EV 114.4 MPH), Distance : 464 ft
|
Pitching: RHP Eddie Garabito
|
|
Batting: RHB Chance Lamb
|
0-0: Called Strike 0-1: Ball 1-1: Swinging Strike 1-2: Ground out 6-3 (Groundball, 6, EV 86.2 MPH)
|
Batting: LHB Jody Hudson
|
0-0: Ball 1-0: Foul Ball, location: 2F 1-1: Swinging Strike 1-2: Strikes out looking
|
Bottom of the 7th over - 1 run, 1 hit, 0 errors, 0 left on base; Arkansas 3 - Frisco 6 |
TOP OF THE 8TH |
Arkansas Travelers batting - Pitching for Frisco RoughRiders : RHP Tom Jensen
|
Now in LF: Seung-ho Zhang
|
|
Batting: RHB Kyler Seitz
|
0-0: Ball 1-0: Foul Ball, location: 2F 1-1: Foul Ball, location: 2F 1-2: Fly out, F5 (Line Drive, 5L, EV 76.9 MPH)
|
Batting: SHB Danny Gelinas
|
0-0: Ball 1-0: SINGLE (Line Drive, 9S, EV 96.9 MPH)
|
Batting: RHB Ricky Mejicanos
|
0-0: Ball 1-0: Ball 2-0: Swinging Strike 2-1: Foul Ball, location: 2F 2-2: Foul Ball, location: 2F 2-2: Strikes out swinging
|
Batting: LHB Dave Hicks
|
0-0: Foul Ball, location: 2F 0-1: SINGLE (Line Drive, 78S, EV 104.4 MPH) Danny Gelinas to second
|
Batting: LHB Mutsuo IIda
|
0-0: Ball 1-0: Ball 2-0: Called Strike 2-1: Ground out U3 (Groundball, 3L, EV 101.2 MPH)
|
Top of the 8th over - 0 runs, 2 hits, 0 errors, 2 left on base; Arkansas 3 - Frisco 6 |
BOTTOM OF THE 8TH |
Frisco RoughRiders batting - Pitching for Arkansas Travelers : RHP Eddie Garabito
|
Batting: RHB Danny Weisse
|
0-0: Foul Ball, location: 2F 0-1: Foul Ball, location: 2F 0-2: Ball 1-2: Foul Ball, location: 2F 1-2: Ball 2-2: Ball 3-2: Base on Balls
|
Batting: LHB Joseph Martin
|
0-0: Ball 1-0: Sac Bunt to 3S - play at first, batter OUT! 3-1 Danny Weisse to second
|
Batting: RHB Matt Sanders
|
0-0: Foul Ball, location: 2F 0-1: Ball 1-1: Called Strike 1-2: Foul Ball, location: 2F 1-2: Ball 2-2: SINGLE (Groundball, 4M, EV 96.2 MPH) (infield hit) Danny Weisse to third
|
Batting: RHB Carlos Lopez
|
0-0: Ball 1-0: Called Strike 1-1: Swinging Strike 1-2: Ball 2-2: Strikes out swinging
|
Pitching: LHP Kyle Worford
|
|
Batting: RHB Luis Arce
|
0-0: Ball 1-0: Ball 2-0: Ball 3-0: Base on Balls Matt Sanders to second
|
Batting: SHB Seung-ho Zhang
|
0-0: Ground out 5-3 (Groundball, 15, EV 90.6 MPH)
|
Bottom of the 8th over - 0 runs, 1 hit, 0 errors, 3 left on base; Arkansas 3 - Frisco 6 |
TOP OF THE 9TH |
Arkansas Travelers batting - Pitching for Frisco RoughRiders : RHP Tom Jensen
|
Pitching: LHP Alex Boites
|
|
Batting: LHB Spencer Palmer
|
0-0: Fly out, F9 (Flyball, 9, EV 90.6 MPH)
|
Batting: RHB Nick Lombardo
|
0-0: Ball 1-0: Foul Ball, location: 2F 1-1: Swinging Strike 1-2: Foul Ball, location: 2F 1-2: Ball 2-2: Foul Ball, location: 2F 2-2: Strikes out looking
|
Batting: RHB Danny Bjarnson
|
0-0: Fly out, F7 (Flyball, 78M, EV 85.0 MPH)
|
Top of the 9th over - 0 runs, 0 hits, 0 errors, 0 left on base; Arkansas 3 - Frisco 6 |
|